[Event "XX Sants Open 2018"]
[Site "Cotxeres de Sants"]
[Date "2018.08.26"]
[Round "10"]
[White "Cassi De La Viuda, Alex"]
[Black "Buisan Arnau, Oriol"]
[Result "1-0"]
[ECO "C68"]
[WhiteElo "1566"]
[BlackElo "1599"]
[Annotator "NA"]
[PlyCount "137"]
[EventDate "2018.08.17"]
[EventType "swiss"]
[EventCountry "ESP"]
[SourceTitle "playchess.com"]
[Source "ChessBase"]
[SourceQuality "1"]
[TimeControl "40/5400+30:1800+30"]

1. e4 e5 2. Nf3 Nc6 3. Bb5 a6 4. Bxc6 dxc6 5. d3 Bc5 6. Nbd2 Bd7 7. h3 Qf6 8. Qe2 Qe7 9. Nc4 Bd6 10. Bd2 f6 11. a3 Be6 12. Nxd6+ Qxd6 13. Bc3 Nh6 14. O-O-O O-O-O 15. d4 exd4 16. Rxd4 Qe7 17. Rhd1 Rxd4 18. Rxd4 Re8 19. Rd1 Bd5 20. Re1 Qxe4 21. Qd3 Qxd3 22. Rxe8+ Kd7 23. cxd3 Kxe8 24. Ne1 Nf7 25. Kd2 Kd7 26. Ke3 Ke6 27. Kf4 g6 28. g4 Nd6 29. g5 fxg5+ 30. Kxg5 Nf7+ 31. Kg4 h5+ 32. Kg3 Kf5 33. f4 g5 34. fxg5 Kxg5 35. Nf3+ Bxf3 36. Kxf3 Kh4 37. Kg2 Kg5 38. Kg3 c5 39. Bd2+ Kg6 40. Kf4 Kf6 41. Bc3+ Kg6 42. d4 cxd4 43. Bxd4 c6 44. h4 Nd6 45. Ke5 Nc4+ 46. Ke6 Nd2 47. Kd7 Nf3 48. Bf2 Ne5+ 49. Kc7 Nc4 50. Kxb7 Nxb2 51. Kxc6 Kf5 52. Kb7 Nc4 53. a4 Nb2 54. a5 Nc4 55. Kxa6 Kg4 56. Kb5 Nxa5 57. Kxa5 Kf3 58. Be1 Ke2 59. Bb4 Kf3 60. Be7 Kg4 61. Kb6 Kf5 62. Kc5 Ke5 63. Bg5 Ke6 64. Kd4 Kf5 65. Kd5 Kg6 66. Ke5 Kf7 67. Kf5 Kg7 68. Bf6+ Kh6 69. Bc3 1-0

[Event "XX Sants Open 2018"]
[Site "Cotxeres de Sants"]
[Date "2018.08.26"]
[Round "10"]
[White "Tornay, Haizea"]
[Black "Lujan Moreno, Royer Manuel"]
[Result "0-1"]
[ECO "B23"]
[WhiteElo "1354"]
[BlackElo "1477"]
[Annotator "NA"]
[PlyCount "50"]
[EventDate "2018.08.17"]
[EventType "swiss"]
[EventCountry "ESP"]
[SourceTitle "playchess.com"]
[Source "ChessBase"]
[SourceQuality "1"]
[TimeControl "40/5400+30:1800+30"]

1. e4 c5 2. Nc3 e5 3. Bc4 d6 4. d3 Nc6 5. Nge2 Bg4 6. f3 Bh5 7. O-O Nf6 8. Ng3 Bg6 9. f4 exf4 10. Bxf4 Be7 11. Bg5 O-O 12. Bxf6 Bxf6 13. Nh5 Bd4+ 14. Kh1 Qg5 15. Nf4 Ne5 16. Bd5 Ng4 17. Ne6 Qh4 18. h3 Bh5 19. Qb1 fxe6 20. Bxe6+ Kh8 21. Bxg4 Bxg4 22. Qe1 Bf2 23. Rxf2 Rxf2 24. Kg1 Raf8 25. Nd1 Rxg2+ 0-1